 Dungeon Crawl Stone Soup version 0.29-a0-512-gf59ac78 (webtiles) character file.

Game seed: 7353040982956902703

383101 Toastz the Crack Shot (level 22, -22/132 (137) HPs)
             Began as a Tengu Hunter on May 27, 2022.
             Was the Champion of Hepliaklqana.
             Killed from afar by a living spell (79 damage)
             ... with a crystal spear
             ... summoned by a walking crystal tome
             ... on level 2 of the Depths on May 29, 2022.
             The game lasted 03:47:57 (48785 turns).

Toastz the Crack Shot (Tengu Hunter)               Turns: 48785, Time: 03:47:58

HP:   -22/132 (137) AC: 23    Str: 11    XL:     22   Next: 93%
MP:   7/35          EV: 36    Int: 15    God:    Hepliaklqana [******]
Gold: 3036          SH:  0    Dex: 30    Spells: 1/37 levels left

rFire   . . .      SeeInvis .   a - +7 longbow (freeze)
rCold   . . .      Faith    .   (shield currently unavailable)
rNeg    . . .      Spirit   .   v - +2 steam dragon scales
rPois   +          Reflect  .   V - +2 hat
rElec   .          Harm     .   q - +2 cloak {rPois}
rCorr   .          Rampage  .   y - +2 pair of gloves
Will    ++...                   (boots unavailable)
Stlth   ++++......              W - amulet of regeneration
HPRegen 1.12/turn               M - +6 ring of dexterity
MPRegen 0.24/turn               T - ring of the Harvest {Will+ AC+4 Stlth+}

@: flying quickly and evasively, lightly drained, quick
A: reduced essence, beak, talons 3, nimble flight
}: 2/15 runes: decaying, serpentine
a: Renounce Religion, Recall Ancestor, Ancestor Identity, Transference, Idealise


You were on level 2 of the Depths.
You worshipped Hepliaklqana.
Hepliaklqana was exalted by your worship.
You visited 9 branches of the dungeon, and saw 41 of its levels.
You also visited: Trove, Ossuary, Gauntlet, Ice Cave and Wizlab.

You collected 5469 gold pieces.
You spent 2433 gold pieces at shops.

Inventory:

Hand Weapons
 a - a +7 longbow of freezing (weapon)
Armour
 n - +0 fire dragon scales
 q - a +2 cloak of poison resistance (worn)
 v - +2 steam dragon scales (worn)
 y - a +2 pair of gloves (worn)
 V - a +2 hat (worn)
 X - the +5 ring mail of the Turtle {Regen+ Stlth+}
   (You found it on level 1 of the Swamp)

   Regen:     It increases your rate of health regeneration.
   Stlth:     It makes you more stealthy.
Jewellery
 i - a ring of see invisible
 u - the ring "Evonnapno" {*Slow +Blink Fly Will++ Stlth+}
   (You found it in a wizard's laboratory)

   [ring of flight]

   Fly:       It grants you flight.
   +Blink:    It lets you blink.
   *Slow:     It may slow you when you take damage.
   Will:      It greatly increases your willpower.
   Stlth:     It makes you more stealthy.
 z - the amulet "Riergha" {RegenMP rF+ rN+}
   (You took it off a deep elf annihilator on level 3 of the Elven Halls)

   [amulet of magic regeneration]

   It increases your rate of magic regeneration.
   rF:        It protects you from fire.
   rN:        It protects you from negative energy.
 A - the ring "Ehec" {rElec rPois rC- AC+4 Str+8}
   (You found it in an ice cave)

   [ring of protection]

   AC:        It affects your AC (+4).
   Str:       It affects your strength (+8).
   rC:        It makes you vulnerable to cold.
   rElec:     It insulates you from electricity.
   rPois:     It protects you from poison.
 M - a +6 ring of dexterity (left hand)
 O - the ring of Yloc {Will- rCorr Str+9 Dex+6 Stlth+}
   (You found it in a Gauntlet)

   [ring of dexterity]

   Str:       It affects your strength (+9).
   Dex:       It affects your dexterity (+6).
   rCorr:     It protects you from acid and corrosion.
   Will:      It decreases your willpower.
   Stlth:     It makes you more stealthy.
 P - a ring of protection from cold
 Q - a +6 ring of dexterity
 S - the ring of Ketiukkybba {Contam Fly rF- rC+++ Str+7}
   (You found it in a wizard's laboratory)

   [ring of flight]

   Str:       It affects your strength (+7).
   rF:        It makes you vulnerable to fire.
   rC:        It renders you almost immune to cold.
   Fly:       It grants you flight.
   Contam:    It causes magical contamination when unequipped.
 T - the ring of the Harvest (right hand) {Will+ AC+4 Stlth+}
   (You bought it in a shop on level 2 of the Elven Halls)

   [ring of protection]

   AC:        It affects your AC (+4).
   Will:      It increases your willpower.
   Stlth:     It makes you more stealthy.
 W - an amulet of regeneration (around neck)
Wands
 b - a wand of digging (20)
 l - a wand of polymorph (25)
 p - a wand of iceblast (38)
 x - a wand of paralysis (26)
 C - a wand of mindburst (7)
 G - a wand of acid (28)
 N - a wand of charming (17)
Scrolls
 c - 11 scrolls of immolation
 e - 6 scrolls of amnesia
 f - 24 scrolls of teleportation
 h - a scroll of silence
 s - 3 scrolls of enchant armour
 B - 4 scrolls of fear
 D - 6 scrolls of poison
 F - 9 scrolls of magic mapping
 L - 2 scrolls of summoning
 R - 6 scrolls of fog
 U - 5 scrolls of blinking
Potions
 d - 10 potions of heal wounds
 j - 12 potions of curing
 k - 3 potions of invisibility
 m - 8 potions of resistance
 o - 8 potions of magic
 t - 3 potions of cancellation
 w - 13 potions of mutation
 I - 6 potions of brilliance
 J - 4 potions of ambrosia
 K - 7 potions of haste
Miscellaneous
 g - a condenser vane
 r - a phial of floods
 E - a phantom mirror
 H - a lightning rod (4/4)
 Y - a box of beasts
 Z - a tin of tremorstones (2/2)


   Skills:
 + Level 20.8 Fighting
 - Level 22.0 Bows
 + Level 13.3 Armour
 - Level 15.8 Dodging
 - Level 1.0 Stealth
 - Level 8.0 Spellcasting
 - Level 4.0 Hexes
 + Level 16.4 Summonings
 - Level 7.0 Translocations
 - Level 3.0 Transmutations
 - Level 5.0 Air Magic
 - Level 7.0 Invocations
 - Level 10.0 Evocations


You had one spell level left.
You knew the following spells:

 Your Spells              Type           Power      Damage    Failure   Level
a - Wereblood             Tmut           15%        N/A       5%          2
b - Summon Lightning Spi  Summ/Air       38%        N/A       1%          4
c - Summon Forest         Summ/Tloc      20%        N/A       2%          5
d - Portal Projectile     Hex/Tloc       44%        N/A       3%          3
e - Summon Cactus Giant   Summ           26%        N/A       2%          6
f - Monstrous Menagerie   Summ           26%        N/A       12%         7
g - Blink                 Tloc           54%        N/A       1%          2
h - Passage of Golubria   Tloc           27%        N/A       7%          4
i - Swiftness             Air            21%        N/A       4%          3

Your spell library contained the following spells:

 Spells                   Type           Power      Damage    Failure   Level
 Apportation              Tloc           54%        N/A       1%          1
 Beastly Appendage        Tmut           30%        N/A       3%          1
 Shock                    Conj/Air       52%        1d6       4%          1
 Magic Dart               Conj           24%        1d4       12%         1
 Sandblast                Erth           12%        2d6       12%         1
 Call Imp                 Summ           53%        N/A       1%          2
 Call Canine Familiar     Summ           53%        N/A       1%          3
 Gell's Gravitas          Tloc           27%        N/A       1%          3
 Summon Guardian Golem    Hex/Summ       36%        N/A       1%          3
 Teleport Other           Tloc           27%        N/A       1%          3
 Animate Armour           Summ/Erth      60%        N/A       4%          4
 Summon Ice Beast         Ice/Summ       30%        N/A       4%          4
 Summon Mana Viper        Hex/Summ       36%        N/A       4%          5
 Poisonous Vapours        Pois/Air       26%        N/A       6%          2
 Confusing Touch          Hex            18%        N/A       7%          3
 Tukima's Dance           Hex            18%        N/A       7%          3
 Ensorcelled Hibernation  Hex/Ice        24%        N/A       8%          2
 Passwall                 Tmut/Erth      8%         N/A       10%         2
 Dazzling Flash           Conj/Hex       24%        N/A       16%         3
 Airstrike                Air            10%        N/A       16%         4
 Scorch                   Fire           12%        2d5       19%         2
 Searing Ray              Conj           12%        2d4       19%         2
 Sublimation of Blood     Necr           6%         N/A       19%         2
 Mephitic Cloud           Conj/Pois/Air  10%        N/A       19%         3
 Spider Form              Tmut/Pois      10%        N/A       19%         3
 Manifold Assault         Tloc           27%        N/A       19%         5
 Cause Fear               Hex            9%         N/A       22%         4
 Ignite Poison            Fire/Tmut/Pois 9%         N/A       24%         3
 Conjure Flame            Conj/Fire      6%         6-21      34%         3
 Frozen Ramparts          Ice            12%        1d3       34%         3
 Ozocubu's Armour         Ice            6%         N/A       34%         3
 Stone Arrow              Conj/Erth      12%        3d7       34%         3
 Anguish                  Hex/Necr       6%         N/A       45%         4
 Fulminant Prism          Conj/Hex       6%         3d7       45%         4
 Leda's Liquefaction      Hex/Erth       6%         N/A       45%         4
 Silence                  Hex/Air        9%         N/A       45%         5
 Corpse Rot               Necr/Pois/Air  10%        N/A       52%         4
 Ice Form                 Ice/Tmut       10%        N/A       54%         4
 Petrify                  Tmut/Erth      10%        N/A       54%         4
 Yara's Violent Unravell  Hex/Tmut       8%         3d5       61%         5
 Malign Gateway           Summ/Tloc      20%        N/A       63%         7
 Blade Hands              Tmut           7%         N/A       67%         5
 Dispersal                Tloc           13%        N/A       71%         6
 Animate Dead             Necr           6%         N/A       75%         4
 Dispel Undead            Necr           6%         3d8       75%         4
 Flame Wave               Conj/Fire      6%         2d5       75%         4
 Hailstorm                Conj/Ice       6%         3d4       75%         4
 Sticky Flame             Conj/Fire      6%         2d3       75%         4
 Lightning Bolt           Conj/Air       6%         1d18      75%         5
 Metabolic Englaciation   Hex/Ice        6%         N/A       82%         5
 Freezing Cloud           Conj/Ice/Air   5%         6-21      86%         5
 Alistair's Intoxication  Tmut/Pois      6%         N/A       87%         5
 Irradiate                Conj/Tmut      5%         3d15      87%         5
 Agony                    Necr           6%         N/A       97%         5
 Borgnjor's Vile Clutch   Necr/Erth      3%         N/A       97%         5
 Lee's Rapid Deconstruct  Erth           3%         3d6*      97%         5
 Haunt                    Necr/Summ      15%        N/A       98%         7
 Death Channel            Necr           3%         N/A       100%        6
 Iron Shot                Conj/Erth      3%         9d2       100%        6
 Simulacrum               Ice/Necr       3%         N/A       100%        6
 Statue Form              Tmut/Erth      6%         N/A       100%        6
 Dragon Form              Tmut           7%         N/A       100%        7
 Enfeeble                 Hex            9%         N/A       100%        7
 Ozocubu's Refrigeration  Ice            3%         4d5       100%        7
 Storm Form               Tmut/Air       9%         N/A       100%        7
 Disjunction              Tloc           13%        N/A       100%        8
 Ignition                 Fire           3%         3d4       100%        8
 Infestation              Necr           3%         N/A       100%        8
 Lehudib's Crystal Spear  Conj/Erth      3%         10d2      100%        8
 Maxwell's Capacitive Co  Air            10%        ∞         100%        8
 Chain Lightning          Conj/Air       6%         3d8       100%        9
 Dragon's Call            Summ           26%        N/A       100%        9


Dungeon Overview and Level Annotations

Branches:
Dungeon (15/15)            Temple (1/1) D:6            Lair (6/6) D:11
  Swamp (4/4) Lair:3        Snake (4/4) Lair:4        Slime (0/5) Lair:5
    Orc (2/2) D:11            Elf (3/3) Orc:2        Vaults (4/5) D:13
  Crypt (0/3) Vaults:2     Depths (2/4) D:15        Ossuary (visited)
  IceCv (visited)          WizLab (visited)         Gauntlet (visited)

Altars:
Ashenzari
Cheibriados
Dithmenos
Elyvilon
Fedhas
Gozag
Hepliaklqana
Kikubaaqudgha
Makhleb
Nemelex Xobeh
Okawaru
Qazlal
Ru
Sif Muna
Trog
Uskayaw
Vehumet
Wu Jian
Xom
Yredelemnul
Zin
The Shining One
Beogh
Jiyva

Shops:
D:7 :   D:13 *   Orc:2 [(*=   Elf:1 ?   Elf:2 :*((   Snake:1 =

Portals:
Hell: Depths:1

Annotations:
D:9 3 transporters
Lair:4 3 runed translucent doors, Caerwyn's ghost, journeyman DsCA
Vaults:2 2 runed translucent doors, Jachav's ghost, veteran DECj


Innate Abilities, Weirdness & Mutations

Your life essence is reduced to manifest your ancestor. (-10% HP)
You have a beak for a mouth.
You have claws for feet.
Your magical nature lets you fly swiftly and evasively.


Message History

Sextus hits the frost giant with a +0 broad axe of flaming.
Sextus burns the frost giant.
The frost giant closely misses Sextus.
A walking crystal tome comes into view.
Sextus hits the frost giant with a +0 broad axe of flaming!
Sextus burns the frost giant.
The frost giant dies!
The tengu reaver casts a spell at you. The bolt of negative energy hits you!!
You feel drained.
Sextus barely misses the tengu reaver.
The walking crystal tome erupts in a flurry of living spells!
Sextus hits the tengu reaver with a +0 broad axe of flaming!!
Sextus burns the tengu reaver!
The walking crystal tome erupts in a flurry of living spells!
The living spell enters a dispersal trap!
Sextus blinks!
The living spell blinks! x3; The tengu reaver blinks!
The living spell blinks! x2
The walking crystal tome blinks!
The ettin blinks!
The living spell blinks!
The tengu reaver blinks!
You blink.
The living spell blinks!
The walking crystal tome completely misses you.
The living spell casts itself at you. The crystal spear misses you.
The living spell casts itself at you. The crystal spear hits you!!!
Ouch! That really hurt!
* * * LOW HITPOINT WARNING * * *
You feel much better.
The walking crystal tome erupts in a flurry of living spells!
An ettin comes into view.
It is wielding a +0 great mace and a +0 dire flail.
Blink to where?
Press: ? - help, Dir - move target, p - tengu reaver
As you read the scroll of blinking, it crumbles to dust.
The living spell casts itself at you. The crystal spear misses you.
The tengu reaver points at you and mumbles some strange words.
The bolt of negative energy misses you.
There is a stone staircase leading down here.
The living spell casts itself at you. The crystal spear hits you!!!!
Ouch! That really hurt!
You die...

#####.....!^.*......#
.................*...
..........C..*..§....
.......R...........*.
#........;*##########
#=........*#
#.........########
#.......Q.........
#......>..@.......
#.................
##############...#
..# .#


You could see the friendly Sextus the knight (fast), a walking crystal tome, a
tengu reaver (ally target), an ettin and 2 living crystal spells.

Vanquished Creatures
  Nikola (Swamp:2)
  Rupert (D:13)
  A Cloud Mage (WizLab)
  A quicksilver dragon (Depths:2)
  2 deep elf master archers (Elf:3)
  2 sphinxes (Vaults:1)
  Frances (D:13)
  Roxanne (Swamp:4)
  A thorn hunter (Swamp:4)
  12 nagarajas (Snake:4)
  Kirke (D:12)
  A fire giant (Depths:1)
  An azure jelly (Swamp:4)
  3 frost giants
  An iron dragon (Vaults:1)
  10 vault wardens
  A balrug (Depths:1)
  A deep elf sorcerer (Elf:3)
  3 orc warlords
  A draconian knight (IceCv)
  A caustic shrike skeleton (Depths:1)
  4 stone giants
  2 deep elf elementalists (Elf:3)
  12 very ugly things
  6 ironbound preservers (Vaults:1)
  4 ironbound thunderhulks
  The ghost of Dega the Crack Shot, a journeyman SpHu of Qazlal (Snake:2)
  A quicksilver ooze (shapeshifter) (Gauntlet)
  4 deep elf demonologists (Elf:3)
  A vampire knight (Depths:2)
  3 eleionomae
  2 bunyips
  5 white draconians (IceCv)
  An entropy weaver (Vaults:1)
  A deep elf annihilator (Elf:3)
  7 dire elephants
  A minotaur (Gauntlet)
  6 deep elf death magi
  4 ettins
  A blizzard demon (WizLab)
  3 fire dragons (Depths:1)
  9 yaktaur captains
  5 great orbs of eyes
  4 deep elf high priests (Elf:3)
  3 ice dragons
  2 spriggan air magi
  2 vault guards
  2 boulder beetles
  15 hydras
  A salamander tyrant (Snake:4)
  5 ghost crabs (WizLab)
  A rakshasa (D:14)
  A quicksilver dragon skeleton (Vaults:2)
  14 naga warriors
  6 centaur warriors
  A death yak (Lair:2)
  6 ironbound frosthearts
  10 anacondas
  4 two-headed ogres
  7 alligators
  A vampire mage (Depths:1)
  4 spriggan berserkers
  18 dancing weapons
  5 tengu warriors
  7 deep elf knights
  A titan zombie (Depths:1)
  3 hell knights (Vaults:4)
  An orc high priest (Orc:2)
  11 spriggans
  7 shock serpents
  15 naga sharpshooters
  Urug (Orc:2)
  2 sun demons (Depths:1)
  2 salamander mystics (Snake:4)
  4 goliath frogs
  10 skeletal warriors
  An orange crystal statue (IceCv)
  15 deep trolls
  4 spriggan druids
  A deep troll (shapeshifter) (Vaults:4)
  3 death drakes (WizLab)
  A spriggan simulacrum (Snake:3)
  2 glowing orange brains (Depths:1)
  6 bog bodies
  4 swamp dragons
  6 wizards
  8 ironbound convokers
  8 naga ritualists
  5 lindwurms
  A deep elf archer (Elf:2)
  23 deep elf pyromancers
  2 necromancers
  7 orc knights
  8 mana vipers
  A harpy (Vaults:1)
  5 orc sorcerers
  An oklob plant (Lair:4)
  18 ugly things
  16 deep elf zephyrmancers
  2 cyclopes
  4 will-o-the-wisps
  2 wolf spiders (Lair:6)
  2 manticores
  A fire giant zombie (Depths:1)
  9 salamanders
  4 elephants (Lair:6)
  11 vault sentinels
  35 black mambas
  6 guardian serpents
  10 naga magi
  A torpor snail (Lair:6)
  3 apocalypse crabs (WizLab)
  9 komodo dragons
  4 storm dragon simulacra (IceCv)
  13 cane toads
  An unseen horror (shapeshifter) (D:13)
  2 rime drakes (Lair:3)
  An unseen horror (D:12)
  4 freezing wraiths (Swamp:4)
  23 yaktaurs
  A kobold demonologist (D:10)
  3 tengu conjurers
  3 entropy weaver simulacra (Snake:3)
  4 red devils (D:13)
  5 golden dragon simulacra (IceCv)
  8 trolls
  A yaktaur skeleton (Vaults:2)
  12 polar bears
  A tarantella (shapeshifter) (D:15)
  13 hornets
  18 slime creatures
  9 tyrant leeches
  Prince Ribbit (Lair:3)
  7 blink frogs
  3 raiju (Lair:6)
  3 dream sheep (Lair:6)
  A deep troll skeleton (Vaults:2)
  2 elf skeletons (Vaults:2)
  2 air elementals (WizLab)
  4 shadows (D:11)
  A dire elephant simulacrum (Snake:3)
  A vampire (D:13)
  2 fire elementals (Elf:2)
  4 wraiths
  11 wyverns
  A water elemental (Elf:3)
  A hog (D:12)
  40 yaks
  5 basilisks
  16 humans (D:13)
  3 redbacks (Lair:6)
  A minotaur simulacrum (Snake:3)
  13 vampire mosquitoes
  2 steam dragons
  4 wargs (Lair:6)
  25 nagas
  6 swamp worm simulacra (Swamp:4)
  A glowing shapeshifter zombie (Depths:1)
  A human zombie (Depths:1)
  A harpy simulacrum (D:15)
  11 hell hounds (Lair:6)
  25 water moccasins
  12 hydra simulacra (Swamp:4)
  10 swamp worms
  2 swamp drakes (Swamp:1)
  13 orc warriors
  14 black bears
  2 sky beasts (D:7)
  An alligator simulacrum (Snake:3)
  5 ice dragon simulacra (IceCv)
  2 ogres
  8 centaurs
  21 wolves
  4 phantoms
  3 kobold brigands
  Blork the orc (Orc:2)
  2 gnoll sergeants
  12 bullfrogs
  2 necrophages (D:5)
  2 scorpions
  2 earth elementals
  A wight (D:10)
  10 killer bees
  4 lindwurm simulacra (IceCv)
  A troll zombie (D:11)
  5 electric eels
  3 howler monkeys
  4 jellies
  Crazy Yiuf (D:7)
  19 orc priests
  Natasha (twice) (D:4)
  A hell rat (Lair:2)
  2 iguanas
  28 orc wizards
  5 ogre zombies (D:11)
  8 mummies (Ossuary)
  16 gnolls
  9 adders
  A shadow imp (D:7)
  2 white imps
  2 swamp drake simulacra (Swamp:4)
  2 worms (D:2)
  3 dart slugs
  43 orcs
  7 ball pythons
  14 endoplasms
  5 giant cockroaches
  3 goblins
  7 hobgoblins
  4 jackals
  4 quokkas
  6 bats
  3 gnoll zombies (Ossuary)
  A goblin skeleton (D:11)
  A goblin zombie (D:11)
  A hobgoblin skeleton (D:11)
  3 hobgoblin zombies
  12 kobolds
  2 kobold zombies (Ossuary)
  14 orc zombies
  7 rats
  A spectral hobgoblin (D:1)
  A briar patch (Swamp:4)
1261 creatures vanquished.

Vanquished Creatures (collateral kills)
  A sphinx (Depths:2)
  2 tengu reavers
  2 nagarajas (Snake:4)
  2 deep elf sorcerers (Elf:3)
  A frost giant (Depths:2)
  5 vault wardens
  2 deep elf elementalists (Elf:3)
  8 ironbound preservers
  A spriggan defender (Depths:2)
  12 very ugly things
  2 deep elf demonologists (Elf:3)
  2 ironbound thunderhulks
  3 stone giants
  2 deep elf annihilators (Elf:3)
  6 dire elephants
  A blizzard demon (WizLab)
  A great orb of eyes (Vaults:1)
  A deep elf death mage (Elf:2)
  A yaktaur captain (Vaults:1)
  2 deep elf high priests
  A peacekeeper (Vaults:3)
  2 ghost crabs
  4 hydras
  2 boulder beetles
  2 ironbound frosthearts (Vaults:4)
  A salamander tyrant (Snake:4)
  A vault guard (Vaults:4)
  3 spriggan air magi (WizLab)
  2 anacondas
  2 centaur warriors
  8 dancing weapons
  A tengu warrior (D:14)
  3 naga warriors
  2 shock serpents
  6 deep elf knights
  4 naga sharpshooters
  3 hell knights (Vaults:4)
  A storm dragon zombie (Depths:1)
  A storm dragon skeleton (Vaults:2)
  4 skeletal warriors (Vaults:2)
  13 deep trolls
  2 naga ritualists
  2 swamp dragons (Swamp:1)
  2 lindwurms
  2 deep elf archers (Elf:2)
  3 orc knights
  An ironbound convoker (Vaults:4)
  10 deep elf pyromancers
  3 wizards (Vaults:4)
  An orc sorcerer (Orc:2)
  8 deep elf zephyrmancers
  2 mana vipers
  A manticore (D:14)
  A salamander (Snake:3)
  14 ugly things
  2 frost giant skeletons (Vaults:2)
  A human skeleton (Vaults:2)
  3 apocalypse crabs (WizLab)
  A torpor snail (Gauntlet)
  2 vault sentinels
  A cane toad (Lair:2)
  3 black mambas
  A naga mage (Snake:1)
  8 yaktaurs
  A rime drake (Lair:6)
  A komodo dragon (Lair:2)
  A golden dragon simulacrum (IceCv)
  A tyrant leech (Swamp:3)
  3 trolls
  2 blink frogs
  5 hornets
  An ettin zombie (Depths:1)
  5 slime creatures
  A blink frog (shapeshifter) (Elf:2)
  A dream sheep (Lair:6)
  2 spriggans
  4 air elementals
  A fire elemental (Elf:2)
  A steam dragon (Lair:4)
  18 yaks
  5 vampire mosquitoes
  3 wargs
  A harpy simulacrum (Snake:3)
  An acid dragon (D:11)
  6 nagas
  2 water moccasins
  A hell hound (Lair:6)
  A hydra simulacrum (Swamp:4)
  2 wolves
  3 centaurs
  2 phantoms (D:11)
  An earth elemental (Elf:1)
  2 lindwurm simulacra (IceCv)
  4 killer bees
  2 orc priests
  3 jellies (Lair:4)
  An orc wizard (D:8)
  6 nameless horrors
  8 orcs
  7 endoplasms (Lair:4)
  A hobgoblin zombie (D:11)
  An orc zombie (D:11)
  A briar patch (Swamp:4)
309 creatures vanquished.

Vanquished Creatures (others)
  2 yaktaur captains (Vaults:1)
  2 spriggan air magi (WizLab)
  A centaur warrior (Vaults:3)
  A shock serpent (WizLab)
  A goliath frog (Swamp:4)
  A swamp dragon (Swamp:4)
  A deep elf archer (Elf:2)
  A deep troll (Vaults:1)
  A black mamba (Snake:3)
  2 yaktaurs
  An air elemental (WizLab)
  26 knights
  A briar patch (Swamp:4)
  10 foxfires
  90 fungi
  125 plants
  9 snaplasher vines
275 creatures vanquished.

Grand Total: 1845 creatures vanquished

Notes
Turn   | Place    | Note
-------+----------+-------------------------------------------
     0 | D:1      | Toastz the Tengu Hunter began the quest for the Orb.
     0 | D:1      | Reached XP level 1. HP: 12/12 MP: 2/2
   339 | D:1      | Reached XP level 2. HP: 17/17 MP: 3/3
   435 | D:1      | Found a faded altar of an unknown god.
   448 | D:1      | Reached skill level 5 in Bows
   681 | D:1      | Reached XP level 3. HP: 22/22 MP: 4/4
  1262 | D:2      | Reached XP level 4. HP: 22/27 MP: 5/5
  1810 | D:3      | Noticed a water moccasin
  2166 | D:3      | Killed a water moccasin
  2167 | D:3      | Reached skill level 6 in Bows
  2167 | D:3      | Gained mutation: Your magical nature lets you fly swiftly
                  | and evasively. [Tengu growth]
  2167 | D:3      | Reached XP level 5. HP: 25/32 MP: 6/6
  2594 | D:4      | Noticed a phantom
  2639 | D:4      | Killed a phantom
  2640 | D:4      | Reached skill level 7 in Bows
  2640 | D:4      | Reached XP level 6. HP: 38/38 MP: 7/7
  2990 | D:4      | Noticed Natasha
  2996 | D:4      | Killed Natasha
  3149 | D:4      | Noticed Natasha
  3152 | D:4      | Killed Natasha
  3219 | D:4      | Reached XP level 7. HP: 44/44 MP: 8/8
  3321 | D:4      | Found a broken altar of Ashenzari.
  3407 | D:5      | Entered Level 5 of the Dungeon
  3431 | D:5      | Reached skill level 8 in Bows
  3806 | D:5      | Reached skill level 5 in Fighting
  3957 | D:5      | Reached skill level 9 in Bows
  3957 | D:5      | Reached skill level 1 in Armour
  3957 | D:5      | Reached XP level 8. HP: 29/49 MP: 9/9
  5653 | D:6      | Reached skill level 10 in Bows
  5773 | D:6      | Found a staircase to the Ecumenical Temple.
  5787 | Temple   | Entered the Ecumenical Temple
  5852 | Temple   | Became a worshipper of Hepliaklqana the Forgotten
  6012 | D:6      | Reached XP level 9. HP: 56/56 MP: 10/10
  6441 | D:7      | Reached skill level 11 in Bows
  6452 | D:7      | Found Ejenuem's Book Boutique.
  6570 | D:7      | Found a sand-covered staircase.
  6644 | Ossuary  | Entered an ossuary
  6965 | D:7      | Got the Compendium of the Snowflakes
  7036 | D:7      | Found a runed translucent door.
  7037 | D:7      | Noticed Crazy Yiuf
  8054 | D:7      | Killed Crazy Yiuf
  8201 | D:8      | Reached skill level 12 in Bows
  8360 | D:8      | Reached * piety under Hepliaklqana
  9014 | D:9      | Reached XP level 10. HP: 57/57 MP: 11/11
  9106 | D:9      | Found a transporter.
  9109 | D:9      | Found a transporter.
  9109 | D:9      | Reached ** piety under Hepliaklqana
  9110 | D:9      | Remembered your ancestor Sextus as a knight
  9125 | D:9      | Found a transporter.
  9127 | D:9      | Found a transporter.
  9353 | D:9      | Reached skill level 13 in Bows
  9449 | D:9      | Reached skill level 5 in Dodging
  9571 | D:9      | Found a transporter.
  9572 | D:9      | Found a transporter.
  9795 | D:10     | Entered Level 10 of the Dungeon
  9889 | D:10     | Reached skill level 14 in Bows
  9978 | D:10     | Noticed a kobold demonologist
  9989 | D:10     | Killed a kobold demonologist
  9992 | D:10     | Reached XP level 11. HP: 55/63 MP: 12/12
 10231 | D:10     | Reached skill level 15 in Bows
 10432 | D:10     | Reached skill level 10 in Fighting
 10894 | D:10     | Reached *** piety under Hepliaklqana
 11061 | D:11     | Noticed a four-headed hydra
 11071 | D:11     | Killed a four-headed hydra
 11072 | D:11     | Reached skill level 1 in Invocations
 11409 | D:11     | Reached skill level 16 in Bows
 11506 | D:11     | Found a staircase to the Orcish Mines.
 11578 | D:11     | Noticed a two-headed ogre
 11585 | D:11     | Killed a two-headed ogre
 11586 | D:11     | Reached XP level 12. HP: 71/71 MP: 14/14
 11609 | D:11     | Found a sparkling altar of Nemelex Xobeh.
 11869 | D:11     | Noticed a two-headed ogre
 11877 | D:11     | Killed a two-headed ogre
 12101 | D:11     | Noticed a two-headed ogre
 12108 | D:11     | Killed a two-headed ogre
 12115 | D:11     | Found a staircase to the Lair.
 12146 | D:11     | Reached skill level 17 in Bows
 12427 | Lair:1   | Entered Level 1 of the Lair of Beasts
 12500 | Lair:1   | Reached **** piety under Hepliaklqana
 13146 | Lair:1   | Reached ***** piety under Hepliaklqana
 13403 | Lair:2   | Reached skill level 1 in Evocations
 13667 | Lair:2   | Identified a scroll of acquirement
 13669 | Lair:2   | Acquired a +2 longbow of freezing
 13796 | Lair:2   | Reached XP level 13. HP: 58/77 MP: 11/16
 14054 | Lair:2   | Reached skill level 18 in Bows
 14499 | Lair:3   | Identified the +1 plate armour of Gestures {rC+}
 14557 | Lair:3   | Found a broken altar of Ashenzari.
 14589 | Lair:3   | Reached skill level 5 in Armour
 14900 | Lair:3   | Noticed Prince Ribbit
 14906 | Lair:3   | Killed Prince Ribbit
 14949 | Lair:3   | Found a staircase to the Swamp.
 15378 | Lair:4   | Found a staircase to the Snake Pit.
 15439 | Lair:4   | Found a runed translucent gate.
 15439 | Lair:4   | Found a runed translucent gate.
 15439 | Lair:4   | Found a runed translucent gate.
 15441 | Lair:4   | Noticed Caerwyn's ghost (journeyman DsCA)
 15557 | Lair:4   | Reached skill level 5 in Evocations
 15759 | Lair:4   | Reached skill level 19 in Bows
 16074 | Lair:5   | Found a viscous altar of Jiyva.
 16074 | Lair:5   | Found a staircase to the Slime Pits.
 16390 | Lair:5   | Reached ****** piety under Hepliaklqana
 16802 | Lair:6   | Entered Level 6 of the Lair of Beasts
 16945 | Lair:6   | Identified the +2 rapier of Beyond {holy, Dex+2 Stlth+}
 17005 | Lair:6   | Reached XP level 14. HP: 84/84 MP: 17/17
 17087 | Lair:6   | Identified the +1 robe "Ydymnettamm" {Will+ MP+9}
 17532 | Lair:6   | Reached skill level 20 in Bows
 18226 | Lair:6   | Reached skill level 5 in Invocations
 18666 | Lair:6   | Upgraded the game from 0.29-a0-495-g17b7911 to
                  | 0.29-a0-496-g281f2b0
 18823 | Orc:1    | Entered Level 1 of the Orcish Mines
 19917 | Orc:2    | Entered Level 2 of the Orcish Mines
 20064 | Orc:2    | Noticed Blork the orc
 20073 | Orc:2    | Killed Blork the orc
 20138 | Orc:2    | Reached skill level 21 in Bows
 20195 | Orc:2    | Reached XP level 15. HP: 90/90 MP: 19/19
 20198 | Orc:2    | Noticed an orc warlord
 20205 | Orc:2    | Killed an orc warlord
 20209 | Orc:2    | Noticed Urug
 20213 | Orc:2    | Killed Urug
 20262 | Orc:2    | Found Rurph's Jewellery Emporium.
 20278 | Orc:2    | Found Zoplon's Antique Weapon Emporium.
 20289 | Orc:2    | Found Hantof's Antique Armour Emporium.
 20303 | Orc:2    | Found Sossuewka's General Store.
 20489 | Orc:2    | Found a staircase to the Elven Halls.
 21708 | D:13     | Noticed Kirke
 21722 | D:12     | Killed Kirke
 21767 | D:13     | Found Mytre's General Store.
 21775 | D:13     | Bought a box of beasts for 520 gold pieces
 21775 | D:13     | Bought 3 scrolls of identify for 78 gold pieces
 21775 | D:13     | Bought a scroll of identify for 26 gold pieces
 22015 | D:13     | Noticed Rupert
 22031 | D:13     | Killed Rupert
 22074 | D:13     | Found a gate to the Vaults.
 22181 | D:13     | Got Xotzowio's Almanac of Dusty Fire
 22183 | D:13     | Identified the +5 scale mail of the Stars {rElec Int+6}
 22195 | D:13     | Identified the +4 cloak of Starshine {rElec rF- Stlth+}
 22352 | D:13     | Noticed Frances
 22359 | D:13     | Killed Frances
 22978 | D:7      | Bought a book of Beasts for 456 gold pieces
 22978 | D:7      | Bought the Compendium of Calculation for 456 gold pieces
 22991 | D:7      | Learned a level 2 spell: Wereblood
 22996 | D:7      | Learned a level 4 spell: Summon Lightning Spire
 23148 | D:14     | Found a gate leading to a gauntlet.
 23179 | Gauntlet | Entered a Gauntlet
 23179 | Gauntlet | Found a transporter.
 23186 | Gauntlet | Found a transporter.
 23188 | Gauntlet | Found a transporter.
 23199 | Gauntlet | Found a transporter.
 23202 | Gauntlet | Found a transporter.
 23213 | Gauntlet | Found a transporter.
 23232 | Gauntlet | Found a transporter.
 23243 | Gauntlet | Found a transporter.
 23254 | Gauntlet | Found a transporter.
 23273 | Gauntlet | Found a transporter.
 23276 | Gauntlet | Found a transporter.
 23287 | Gauntlet | Found a transporter.
 23333 | Gauntlet | Found a transporter.
 23350 | Gauntlet | Found a transporter.
 23501 | Gauntlet | Reached skill level 22 in Bows
 23524 | Gauntlet | Identified the ring of Yloc {Will- rCorr Str+9 Dex+6
                  | Stlth+}
 23565 | Gauntlet | Reached skill level 15 in Fighting
 23565 | Gauntlet | Reached skill level 1 in Spellcasting
 23875 | D:14     | Found an opulent altar of Gozag.
 24044 | D:14     | Found an iron altar of Okawaru.
 24157 | D:15     | Entered Level 15 of the Dungeon
 24278 | D:15     | Reached XP level 16. HP: 97/97 MP: 21/21
 24924 | D:15     | Found a staircase to the Depths.
 25373 | Swamp:1  | Entered Level 1 of the Swamp
 25385 | Swamp:1  | Reached skill level 1 in Summonings
 25385 | Swamp:1  | Reached skill level 1 in Air Magic
 25588 | Swamp:1  | Identified the +5 ring mail of the Turtle {Regen+ Stlth+}
 26045 | Swamp:2  | Reached skill level 5 in Summonings
 26194 | Swamp:2  | Noticed Nikola
 26201 | Swamp:2  | Killed Nikola
 26202 | Swamp:2  | Reached skill level 1 in Transmutations
 26842 | Swamp:3  | Reached XP level 17. HP: 89/103 MP: 20/22
 26846 | Swamp:3  | Reached skill level 5 in Air Magic
 26940 | Swamp:3  | Learned a level 5 spell: Summon Forest
 26953 | Swamp:4  | Entered Level 4 of the Swamp
 27429 | Swamp:4  | Identified Roxanne's Disquisition on Earth
 27429 | Swamp:4  | Noticed Roxanne
 27452 | Swamp:4  | Killed Roxanne
 27720 | Swamp:4  | Reached skill level 10 in Summonings
 27723 | Swamp:4  | Learned a level 2 spell: Blink
 27846 | Swamp:4  | Reached skill level 1 in Translocations
 27899 | Swamp:4  | Got a decaying rune of Zot
 28072 | Snake:1  | Entered Level 1 of the Snake Pit
 28479 | Snake:1  | Found Picuw's Jewellery Emporium.
 29537 | Snake:2  | You are sucked into a shaft and drop 1 floor!
 29537 | Snake:3  | Found a frozen archway.
 29660 | IceCv    | Entered an ice cave
 30038 | IceCv    | Reached XP level 18. HP: 107/110 MP: 20/25
 30141 | IceCv    | Identified the ring "Ehec" {rElec rPois rC- AC+4 Str+8}
 30345 | Snake:2  | Found a runed translucent door.
 30346 | Snake:2  | Noticed Dega's ghost (journeyman SpHu)
 30347 | Snake:2  | Found a shimmering altar of Xom.
 30566 | Snake:2  | Killed Dega's ghost
 30717 | Snake:2  | Reached skill level 5 in Spellcasting
 31430 | Snake:4  | Entered Level 4 of the Snake Pit
 31633 | Snake:4  | Reached skill level 10 in Armour
 31734 | Snake:4  | Reached skill level 10 in Dodging
 31944 | Snake:4  | Found a sacrificial altar of Ru.
 32139 | Snake:4  | Learned a level 3 spell: Portal Projectile
 32272 | Snake:4  | Reached skill level 1 in Hexes
 32306 | Snake:4  | Reached XP level 19. HP: 98/117 MP: 22/27
 32407 | Snake:4  | Got a serpentine rune of Zot
 32817 | Snake:4  | Upgraded the game from 0.29-a0-496-g281f2b0 to
                  | 0.29-a0-506-ga2e7fff
 33060 | Vaults:1 | Entered Level 1 of the Vaults
 33393 | Vaults:1 | Reached skill level 5 in Translocations
 34956 | Vaults:1 | Reached XP level 20. HP: 123/123 MP: 19/28
 35782 | Vaults:2 | Found a large runed translucent door.
 35782 | Vaults:2 | Found a large runed translucent door.
 35783 | Vaults:2 | Noticed Jachav's ghost (veteran DECj)
 36136 | Vaults:2 | HP: 6/125 [orc knight/+0 great sword (43)]
 36868 | Vaults:2 | Found a staircase to the Crypt.
 37563 | Vaults:3 | Found a portal to a secret trove of treasure.
 37700 | Vaults:3 | You paid a toll of 16 potions of curing to enter a treasure
                  | trove
 37701 | Trove    | Entered a treasure trove
 37714 | Trove    | Got Sif Muna's Compendium of Quantum Earth
 37752 | Trove    | Got Sif Muna's Catalogue of Flames
 37776 | Trove    | Got Sif Muna's Papyrus of Displacement and Stones
 37781 | Trove    | Got Teuts's Grimoire of Calling and Dark Secrets
 37798 | Trove    | Learned a level 6 spell: Summon Cactus Giant
 39587 | Vaults:4 | Reached XP level 21. HP: 103/129 MP: 14/31
 40314 | Vaults:4 | Reached skill level 15 in Dodging
 40322 | Vaults:4 | Learned a level 7 spell: Monstrous Menagerie
 40327 | Vaults:4 | Learned a level 4 spell: Passage of Golubria
 40998 | Vaults:4 | Upgraded the game from 0.29-a0-506-ga2e7fff to
                  | 0.29-a0-512-gf59ac78
 41291 | Elf:1    | Entered Level 1 of the Elven Halls
 41494 | Elf:1    | Found Ryis's Magic Scroll Boutique.
 41498 | Elf:1    | Bought a scroll of teleportation for 51 gold pieces
 41498 | Elf:1    | Bought a scroll of blinking for 127 gold pieces
 41537 | Elf:1    | Reached skill level 15 in Summonings
 41848 | Elf:1    | Identified the +2 leather armour "Cuijulun" {Harm Rampage
                  | Regen+ Dex-5}
 42276 | Elf:2    | Found Xich's General Store.
 42333 | Elf:2    | Found Behoer's Book Shop.
 42442 | Elf:2    | Found Emesuc's Weapon Boutique.
 42504 | Elf:2    | Found a magical portal.
 42512 | WizLab   | Entered The Chambers of the Cloud Mage
 42528 | WizLab   | Paralysed by an air elemental for 1 turns
 42886 | WizLab   | Paralysed by an air elemental for 1 turns
 42892 | WizLab   | Paralysed by an air elemental for 1 turns
 43018 | WizLab   | Paralysed by an air elemental for 1 turns
 43269 | WizLab   | Found the +18 shield of the Gong {rElec rN+ Will+ EV-5}
 43346 | WizLab   | Identified the ring "Evonnapno" {*Slow +Blink Fly Will++
                  | Stlth+}
 43354 | WizLab   | Got Qidwops's Handbook of Air
 43359 | WizLab   | Identified the ring of Ketiukkybba {Contam Fly rF- rC+++
                  | Str+7}
 43370 | WizLab   | Identified the +8 morningstar "Yrep" {protect, Drain
                  | Fragile rCorr Int+8}
 43541 | Elf:2    | Found Wyotreza's Antique Weapon Shop.
 43799 | Elf:2    | Found a runed translucent gate.
 43801 | Elf:2    | Found a runed translucent gate.
 43801 | Elf:2    | Found a runed translucent gate.
 43929 | Elf:3    | Entered Level 3 of the Elven Halls
 44304 | Elf:3    | Reached XP level 22. HP: 132/136 MP: 6/35
 45131 | Elf:3    | Identified the amulet "Riergha" {RegenMP rF+ rN+}
 45275 | Elf:3    | Got the Incunabulum of Doomed Creation
 45413 | Elf:3    | Learned a level 3 spell: Swiftness
 46435 | Elf:2    | Bought the ring of the Harvest {Will+ AC+4 Stlth+} for 719
                  | gold pieces
 46649 | Depths:1 | Entered Level 1 of the Depths
 47902 | Depths:1 | Reached skill level 10 in Evocations
 47977 | Depths:1 | Found an ancient bone altar of Kikubaaqudgha.
 48198 | Depths:1 | Found a basalt altar of Yredelemnul.
 48575 | Depths:1 | Found a gateway to Hell.
 48582 | Depths:1 | Identified the +1 chain mail "Piniw" {Int+4 Stlth+}
 48586 | Depths:1 | Identified the +8 plate armour of Mutiag {rF+}
 48785 | Depths:2 | Killed from afar by a living spell

Illustrated notes

Levels and vault maps discovered:
D:1:      saegor_arrival_fortress, layout_loops_cross,
          dreamdust_ecumenical_altar_drowned_temple
D:2:      minmay_razor_zed, layout_basic, nrook_loot_triangle,
          serial_bayou_pond_c
D:3:      layout_loops_ring, serial_bayou_lagoon_a
D:4:      layout_rooms, mainiacjoe_overflow_alcove_4, uniq_natasha
D:5:      dreamdust_elfheim, layout_loops_ring, minmay_fractal_squares_gapless_5
D:6:      layout_basic, minmay_temple_entry_proselytizer
D:7:      kennysheep_steamy, layout_loops_cross, serial_shops, shop,
          lightli_ossuary_entry_decrepit_ruins, uniq_crazy_yiuf_cottage
D:8:      layout_rooms, serial_corexii_hall, corexii_hall_statues_x,
          corexii_hall_statues_t, corexii_hall_statues_l,
          amcnicky_mini_pool_small, kennysheep_generic_room_10
D:9:      layout_irregular_city, serial_nicolae_subway,
          nicolae_sub_station_stone, nicolae_sub_station_crystal,
          nicolae_sub_station_metal
D:10:     layout_long_grid, abandoned_shop, st_stairs_3
D:11:     layout_basic, due_lair_maze_entry_diamond, zombieorc1_lemuel,
          nemelex_altar_shiori
D:12:     layout_roguey
D:13:     cheibrodos_wizards_tower, layout_loops_ring, david_vaults_3,
          serial_shops, shop, corexii_mini_fake_secret_closet,
          einodemon_armed_red_devil_minivault, uniq_frances, uniq_kirke
D:14:     layout_rooms, okawaru_trees_1, gauntlet_entry_generic,
          grunt_gozag_statues
D:15:     grunt_enter_depths_snipers, layout_stronghold, water_maze_lemuel
Temple:   compressed_dpeg_circular_temple
Lair:1:   layout_cave_pods, grunt_megastairs_2
Lair:2:   layout_roguey, minmay_shattered_shrine
Lair:3:   layout_regular_city, skrybe_swamp_entry_bodies, basic_altar,
          uniq_prince_ribbit2
Lair:4:   lemuel_slime, layout_regular_city, minmay_snake_entry_six_corridors,
          gammafunk_ghost_hydra_chop, serial_bayou_lake_a
Lair:5:   wander_river, layout_cave_pods, slime_altar_1, serial_bayou_shore_a
Lair:6:   hangedman_lair_caniforms_friends, layout_gridlike,
          hangedman_lair_tendril_chambers
Swamp:1:  layout_falls_marsh, evilmike_swamp_ruin_house_1, st_swamp_ruins_4
Swamp:2:  layout_basic_swamp, hangedman_swamp_ruin_wall, uniq_nikola
Swamp:3:  layout_basic_swamp, evilmike_swamp_ruin_house_4
Swamp:4:  swamp_icy, layout_basic_swamp, swamp_pool3, uniq_roxanne
Snake:1:  layout_onion, serial_shops, nicolae_shop_advertising_works
          [nicolae_subvault_shop_adworks]
Snake:2:  layout_cave_shapes, ebering_ghost_xom, grunt_ministairs_1,
          grunt_megastairs_3
Snake:3:  layout_onion_interference, portal_ice_cave_entry_ice_simulacra,
          lemuel_fruit_tree, serial_bayou_shore_b
Snake:4:  grunt_snake_rune_spirals, layout_onion, basic_altar
Orc:1:    layout_caves
Orc:2:    grunt_orc_cross, layout_caves
Elf:1:    eino_elf_arrival_shootout, layout_gridlike, serial_shops,
          nicolae_shop_stone, kennysheep_underground_church,
          serial_sigils_hangedman_clutch, minmay_misc_feat_five,
          grunt_ministairs_11, minmay_crystal_room, nicolae_elf_big_sculpture_3
Elf:2:    nicolae_elf_blades_crystal_corner, layout_geoelf_grid, serial_shops,
          shop, nicolae_shop_bloodbath_and_beyond, nicolae_shop_statue_plus,
          nicolae_take_the_stairs, mu_enter_wizlab_2
Elf:3:    minmay_elf_hall_not_hex, layout_geoelf_grid
Vaults:1: v_rooms_6, nicolae_vaults_network_square, ontoclasm_vaults_fault,
          dpeg_vaults_pockets_of_resistance, vaults_standard_mumra_lines,
          hangedman_vaults_variations, hangedman_vaults_snaps,
          vaults_room_corners, nicolae_vaults_little_squares_3,
          hangedman_vaults_corner_blocks, layout_vaults_omnibox
Vaults:2: ebering_ghost_disaster_area, minmay_crypt_entry_skeletal_spiral,
          vaults_room_door_hall, vaults_room_door_ring,
          nicolae_vaults_little_squares_4, nicolae_vaults_border_crossing,
          layout_vaults_omnigrid
Vaults:3: hangedman_vaults_cutoff, v_misc_8, v_misc_14, v_misc_26,
          v_alt_pattern_2, vaults_mumra_minichess,
          nicolae_vaults_twisting_passages, v_misc_27,
          ontoclasm_vaults_ring_square, nicolae_vaults_big_angled_halls,
          ontoclasm_vaults_loading_screen, vaults_room_grid,
          vaults_mumra_chevron, vaults_dpeg_ring, layout_vaults_ring,
          nicolae_trove_entry_crystal
Vaults:4: v_misc_27, hangedman_vaults_cutoff, vaults_standard_mumra_x,
          hangedman_vaults_slice, dpeg_vaults_monster_row, v_rooms_6,
          nicolae_vaults_little_squares_3, ontoclasm_vaults_decontamination,
          st_spiral_rooms, vaults_room_grid, layout_vaults_big_cross
Depths:1: layout_small_grid, lightli_too_deep, grunt_decor_arrowhead,
          minmay_door_square, lemuel_statue_altar,
          lemuel_zombie_altar_yredelemnul
Depths:2: grunt_crosshair, layout_long_grid, hell_entry, chequers_big_river,
          grunt_pan_entry_sceptre, tgw_trog, uniq_vv

Skill      XL: |  1  2  3  4  5  6  7  8  9 10 11 12 13 14 15 16 17 18 19 20 21 22 |
---------------+-------------------------------------------------------------------+-----
Bows           | 5 6 7 9 10 12 14 16 17 19 21 22 | 22.0
Fighting       | 3 4 5 6 7 9 10 12 13 14 15 16 17 18 19 20 | 20.8
Armour         | 1 3 4 5 6 9 10 12 13 | 13.3
Dodging        | 3 5 7 9 11 14 15 | 15.8
Invocations    | 2 3 5 6 7 |  7.0
Evocations     | 2 5 7 10 | 10.0
Spellcasting   | 3 4 5 6 8 |  8.0
Summonings     | 8 11 12 13 14 15 16 | 16.4
Air Magic      | 4 5 |  5.0
Transmutations | 2 3 |  3.0
Translocations | 4 6 7 |  7.0
Hexes          | 1 4 |  4.0
Stealth        | |  1.0

Action                   |  1- 3 |  4- 6 |  7- 9 | 10-12 | 13-15 | 16-18 | 19-21 | 22-24 || total
-------------------------+-------+-------+-------+-------+-------+-------+-------+-------++-------
Melee: Shortbow          |       |       |     3 |       |       |       |       |       ||     3
       Peck              |       |       |     1 |       |     1 |       |       |       ||     2
       Longbow           |       |       |       |       |     7 |       |       |       ||     7
       Kick              |       |       |       |       |     1 |       |       |       ||     1
 Fire: Shortbow          |    74 |   109 |   466 |   600 |       |       |       |       ||  1249
       Longbow           |       |       |       |    18 |   933 |  1111 |  1135 |   363 ||  3560
 Cast: Wereblood         |       |       |       |       |       |    18 |     9 |     2 ||    29
       Summon Lightning  |       |       |       |       |       |    11 |    19 |       ||    30
       Summon Forest     |       |       |       |       |       |     4 |    27 |    11 ||    42
       Blink             |       |       |       |       |       |     2 |     1 |       ||     3
       Portal Projectile |       |       |       |       |       |       |    43 |    20 ||    63
       Summon Cactus Gia |       |       |       |       |       |       |    20 |     7 ||    27
       Monstrous Menager |       |       |       |       |       |       |     8 |    14 ||    22
       Passage of Golubr |       |       |       |       |       |       |     3 |       ||     3
Invok: Recall Ancestor   |       |       |     1 |     7 |    16 |    15 |    17 |     4 ||    60
       Ancestor Life: Kn |       |       |       |     1 |       |       |       |       ||     1
       Ancestor Identity |       |       |       |     1 |       |       |       |       ||     1
       Idealise          |       |       |       |       |     3 |       |     3 |       ||     6
 Abil: Evoke Blink       |       |       |       |       |       |       |       |     1 ||     1
  Use: Scroll            |       |     2 |     8 |    11 |    20 |     6 |     3 |     3 ||    53
       Potion            |       |       |       |       |       |     2 |     3 |     1 ||     6
Armor: Leather armour    |     1 |     9 |    23 |       |       |       |     6 |       ||    39
       Steam dragon scal |       |       |    31 |    23 |    55 |    44 |    26 |     6 ||   185
Dodge: Dodged            |     5 |    36 |   158 |   111 |   239 |   320 |   244 |    71 ||  1184

Table legend: (Time is in decaauts)
 A = Elapsed time spent in this place.
 B = Non-inter-level travel time spent in this place.
 C = Inter-level travel time spent in this place.
 D = Time resting spent in this place.
 E = Time spent auto-exploring this place.
 F = Levels seen in this place.
 G = Mean time per level.
                   A        B        C        D        E       F      G
               +--------+--------+--------+--------+--------+-----+--------+
         Total |  45083 |  42369 |   2714 |   9067 |  24095 |  46 |  980.1 |
       Dungeon |  16190 |  14845 |   1345 |   3100 |   9067 |  15 | 1079.3 |
        Temple |     82 |     47 |     35 |      0 |      1 |   1 |   82.0 |
          Lair |   6245 |   5894 |    351 |    646 |   4239 |   6 | 1040.8 |
         Swamp |   2356 |   2242 |    114 |    172 |   1391 |   4 |  589.0 |
     Snake Pit |   3565 |   3429 |    136 |    531 |   1982 |   4 |  891.2 |
  Orcish Mines |   1352 |   1183 |    169 |     81 |    840 |   2 |  676.0 |
   Elven Halls |   3895 |   3700 |    195 |   1121 |   1610 |   3 | 1298.3 |
        Vaults |   7178 |   6925 |    253 |   1908 |   3625 |   4 | 1794.5 |
        Depths |   1985 |   1873 |    112 |    729 |    760 |   2 |  992.5 |
         Trove |     98 |     98 |      0 |      0 |      0 |   1 |   98.0 |
       Ossuary |    298 |    298 |      0 |    107 |     99 |   1 |  298.0 |
      Ice Cave |    506 |    506 |      0 |    142 |    125 |   1 |  506.0 |
        Wizlab |    892 |    892 |      0 |    445 |    183 |   1 |  892.0 |
      Gauntlet |    435 |    435 |      0 |     81 |    167 |   1 |  435.0 |
               +--------+--------+--------+--------+--------+-----+--------+

Top non-repeatable levels by time:
Vaults:1: 2252 daAuts
Depths:1: 1936 daAuts
Vaults:4: 1855 daAuts
    D:11: 1813 daAuts
     D:5: 1671 daAuts
Vaults:3: 1630 daAuts
  Lair:6: 1573 daAuts
   Elf:3: 1516 daAuts
    D:10: 1490 daAuts
   Elf:2: 1458 daAuts
Vaults:2: 1440 daAuts
     D:7: 1439 daAuts
 Snake:4: 1288 daAuts
    D:13: 1230 daAuts
  Lair:4: 1128 daAuts
